 Dungeon Crawl Stone Soup version 0.29.1-1-gd02db6906a (webtiles) character file.

Game seed: 8834970174067792376

199 croobank the Caller (level 5, -19/22 HPs)
             Began as a Felid Summoner on Oct 4, 2022.
             Killed from afar by an acid dragon (32 damage)
             ... with a splash of acid
             ... on level 5 of the Dungeon.
             The game lasted 00:13:36 (4750 turns).

croobank the Caller (Felid Summoner)                Turns: 4750, Time: 00:13:37

Health: -19/22     AC:  1    Str:  4    XL:     5   Next: 48%
Magic:  5/10       EV: 19    Int: 19    God:
Gold:   231        SH:  0    Dex: 16    Spells: 1/10 levels left
                                        Lives:  0   Deaths: 1

rFire   . . .      SeeInvis +   (weapon unavailable)
rCold   . . .      Faith    .   (shield unavailable)
rNeg    . . .      Spirit   .   (body armour unavailable)
rPois   .          Reflect  .   (helmet unavailable)
rElec   .          Harm     .   (cloak unavailable)
rCorr   .          Rampage  .   (gloves unavailable)
Will    .....                   (boots unavailable)
Stlth   +++.......              (no amulet)
HPRegen 0.07/turn               (no ring)
MPRegen 0.12/turn               (no ring)

@: quick
A: very small, claws 1, fangs 3, see invisible, speed 1, shaggy fur 1, stealthy
paws, no weapons or thrown items, no armour, multi-lived
a: no special abilities


You were on level 5 of the Dungeon.
You visited 1 branch of the dungeon, and saw 5 of its levels.

You collected 231 gold pieces.

Inventory:

Jewellery
 g - a +6 ring of dexterity
 n - an amulet of guardian spirit
Scrolls
 b - a scroll of enchant armour
 c - a scroll of teleportation
 j - a scroll of poison
 k - a scroll of enchant weapon {unknown}
 l - a scroll of magic mapping {unknown}
 m - a scroll of blinking {unknown}
Potions
 a - 2 potions of magic
 d - 2 potions of brilliance
 h - a potion of degeneration
 i - 6 potions of curing
 o - a potion of attraction


   Skills:
 + Level 2.2 Fighting
 + Level 4.4 Dodging
 + Level 4.6 Stealth
 + Level 3.1 Spellcasting
 + Level 1.7 Hexes
 + Level 4.8 Summonings


You had one spell level left.
You knew the following spells:

 Your Spells              Type           Power      Damage    Failure   Level
a - Summon Small Mammal   Summ           84%        N/A       1%          1
b - Call Imp              Summ           21%        N/A       3%          2
c - Call Canine Familiar  Summ           21%        N/A       6%          3
d - Summon Guardian Gole  Hex/Summ       15%        N/A       12%         3

Your spell library contained the following spells:

 Spells                   Type           Power      Damage    Failure   Level
 Summon Lightning Spire   Summ/Air       12%        N/A       50%         4


Dungeon Overview and Level Annotations

Branches:
Dungeon (5/15)
 Temple: D:4-7

Altars:
Nemelex Xobeh
Trog
Vehumet

Shops:
D:1 *

Annotations:
D:4 Eustachio


Innate Abilities, Weirdness & Mutations

You have sharp claws.
You have razor-sharp teeth.
You have supernaturally acute eyesight. (SInv)
You cover ground quickly. (Speed+)
You are covered in fur. (AC +1)
Your paws help you pounce on unaware monsters.
You are incapable of wielding weapons or throwing items.
You cannot wear armour.
You gain extra lives every three experience levels.


Message History

The black bear claws your guardian golem but does no damage.
The black bear claws your guardian golem.
Flame seeps out of your guardian golem.
Your guardian golem is engulfed in blazing flames.
Flame seeps out of your guardian golem.
Your hound barely misses the black bear.
The black bear bites your guardian golem.
Flame seeps out of your guardian golem.
The black bear claws your guardian golem.
Flame seeps out of your guardian golem.
The black bear claws your guardian golem.
Flame seeps out of your guardian golem.
Your hound barely misses the black bear.
Your guardian golem is engulfed in blazing flames.
Flame seeps out of your guardian golem.
Your hound misses the black bear.
The black bear bites your guardian golem.
Flame seeps out of your guardian golem.
The black bear barely misses your guardian golem.
The black bear claws your guardian golem.
Your guardian golem disappears in a puff of smoke!
Your guardian golem explodes!
The fiery explosion engulfs your hound!
The fiery explosion engulfs the black bear!!
You hear a roar!
Your hound bites the black bear.
The black bear is engulfed in blazing flames.
The black bear dies!
Your Hexes skill increases to level 1!
Welcome back to level 5!
You start resting.
An acid dragon comes into view.
You start putting on your amulet.
You continue putting on your amulet of guardian spirit. x3
The acid dragon spits acid at you.
Keep equipping yourself?
Uppercase [Y]es or [N]o only, please.
Keep equipping yourself?
You stop putting on your amulet.
The splash of acid hits you!!
Ouch! That really hurt!
You die...

...............
.................
....##...###....
. .##...# #..D
....... ...
.......#..
###....#. #.....#
##+##@# ##☼#
##§h#####..##
#.§.§.......#
#.....8..>..8...
####...(.......#
##..#####..##
##.# ## #.#


You could see an acid dragon (catching breath) and a friendly hound (summoned).

Vanquished Creatures
  An adder (D:2)
  An orc (D:5)
  A bat (D:3)
  An endoplasm (D:4)
  A goblin (D:3)
  A hobgoblin (D:4)
  A jackal (D:1)
7 creatures vanquished.

Vanquished Creatures (collateral kills)
  An orc wizard (D:3)
  Robin (D:2)
  3 gnolls (D:3)
  5 adders
  A worm (D:2)
  3 dart slugs (D:1)
  4 orcs (D:3)
  9 ball pythons
  4 endoplasms
  A giant cockroach (D:2)
  13 goblins
  11 hobgoblins
  3 jackals (D:1)
  4 kobolds
  A quokka (D:1)
  2 bats
  2 frilled lizards (D:1)
  3 rats
71 creatures vanquished.

Vanquished Creatures (others)
  A black bear (D:5)
1 creature vanquished.

Grand Total: 79 creatures vanquished

Notes
Turn   | Place    | Note
-------+----------+-------------------------------------------
     0 | D:1      | croobank the Felid Summoner began the quest for the Orb.
     0 | D:1      | Reached XP level 1. HP: 7/7 MP: 4/4
   408 | D:1      | Found Suefuek's Assorted Antiques.
   598 | D:1      | Reached XP level 2. HP: 11/11 MP: 3/6
   677 | D:1      | Learned a level 2 spell: Call Imp
  1143 | D:1      | Reached XP level 3. HP: 15/15 MP: 4/7
  1147 | D:1      | Learned a level 3 spell: Call Canine Familiar
  1673 | D:2      | Reached skill level 1 in Fighting
  1797 | D:2      | Noticed Robin
  1813 | D:2      | Killed Robin
  1814 | D:2      | Reached XP level 4. HP: 16/19 MP: 3/8
  2903 | D:2      | Found a faded altar of an unknown god.
  3152 | D:3      | Reached XP level 5. HP: 17/22 MP: 3/10
  3610 | D:3      | Learned a level 3 spell: Summon Guardian Golem
  3686 | D:3      | Found a sparkling altar of Nemelex Xobeh.
  3752 | D:3      | Found a radiant altar of Vehumet.
  3815 | D:3      | Identified the +6 chain mail of Lifelessness {Dex+4}
  3916 | D:3      | Found a bloodstained altar of Trog.
  4692 | D:4      | Noticed Eustachio
  4699 | D:5      | Entered Level 5 of the Dungeon
  4720 | D:5      | Killed from afar by an orc wizard
  4721 | D:5      | Reached XP level 4. HP: -2/19 MP: 3/9
  4728 | D:5      | Noticed a black bear
  4745 | D:5      | Killed a black bear
  4746 | D:5      | Reached skill level 1 in Hexes
  4746 | D:5      | Reached XP level 5. HP: 13/22 MP: 4/10
  4747 | D:5      | Noticed an acid dragon
  4750 | D:5      | Killed from afar by an acid dragon

Illustrated notes

Levels and vault maps discovered:
D:1:      dpeg_arrival_refuge, layout_loops_ring, serial_shops,
          nicolae_shop_competitors_out_of_business
D:2:      layout_basic, nicolae_ecumenical_lake_church, uniq_robin
D:3:      layout_basic, lemuel_crystal_altar, old_standard_altar, trog_book
D:4:      layout_cave_pools, hangedman_ru_absence,
          minmay_temple_entry_overgrown, chequers_serial_rivers_micro_a,
          uniq_eustachio
D:5:      minmay_bubble_buster, layout_gridville, serial_shops,
          nicolae_take_the_stairs, grunt_ministairs_15

Skill      XL: |  1  2  3  4 |
---------------+-------------+-----
Stealth        | 3 4 |  4.6
Dodging        | 3 4 |  4.4
Fighting       | 1 2 |  2.2
Spellcasting   | 3 |  3.1
Hexes          | 1 |  1.7
Summonings     | |  4.8

Action                   |  1- 3 |  4- 6 || total
-------------------------+-------+-------++-------
Melee: Unarmed           |    11 |    25 ||    36
       Bite              |       |     2 ||     2
 Cast: Summon Small Mamm |    55 |    49 ||   104
       Call Imp          |    14 |    16 ||    30
       Call Canine Famil |       |    16 ||    16
       Summon Guardian G |       |     1 ||     1
  Use: Scroll            |       |     8 ||     8
 Stab: Sleeping          |       |     2 ||     2
Dodge: Dodged            |    17 |    31 ||    48
